 Dungeon Crawl Stone Soup version 0.17-a0-2127-g1cb09f6 (webtiles) character file.

255 bart the Spear-Bearer (level 6, -1/44 HPs)
             Began as a Merfolk Skald on Oct 22, 2015.
             Slain by an iguana (12 damage)
             ... on level 4 of the Dungeon.
             The game lasted 00:07:51 (868 turns).

bart the Spear-Bearer (Merfolk Skald)                Turns: 868, Time: 00:07:52

Health: -1/44      AC:  3    Str: 12    XL:     6   Next: 15%
Magic:  2/9        EV: 11    Int: 12    God:
Gold:   43         SH:  0    Dex: 15    Spells: 3 memorised, 2 levels left

rFire  . . .     SeeInvis .     a - +0 spear
rCold  . . .     Clarity  .     l - +0 leather armour
rNeg   . . .     SustAt   .     (no shield)
rPois  .         Gourm    .     (no helmet)
rElec  .         Spirit   .     (no cloak)
rCorr  .         Warding  .     (no gloves)
rMut   .         Stasis   .     (no boots)
MR     .....                    (no amulet)
Stlth  +.........               (no ring)
                                (no ring)

@: infused, not resistant to hostile enchantments, very unstealthy
A: change form in water, swift swim
a: no special abilities


You were on level 4 of the Dungeon.
You were very hungry.

You visited 1 branch of the dungeon, and saw 4 of its levels.

You collected 43 gold pieces.

Inventory:

Hand Weapons
 a - a +0 spear (weapon)
 b - a +0 hunting sling
Missiles
 e - 84 stones (quivered)
 r - 8 tomahawks
Armour
 l - a +0 leather armour (worn)
Scrolls
 h - a scroll of blinking {unknown}
 i - a scroll of fog
 m - a scroll of remove curse {unknown}
 n - a scroll of magic mapping {unknown}
 p - a scroll of identify {unknown}
 q - a scroll of immolation {unknown}
 s - a scroll of noise {unknown}
Books
 c - a book of Battle
Comestibles
 d - a bread ration
 f - 2 royal jellies
 g - 5 chunks of flesh
 k - 4 fruits
 o - a meat ration


   Skills:
 - Level 2.1 Fighting
 * Level 9.0 Polearms
 - Level 0.6 Armour
 - Level 1.3 Dodging
 - Level 2.0 Spellcasting
 + Level 3.2 Charms


You had 2 spell levels left.
You knew the following spells:

 Your Spells              Type           Power        Failure   Level  Hunger
a - Infusion              Chrm           #.....       12%         1    ##.....
r - Regeneration          Chrm/Necr      #.........   58%         3    ####...
z - Spectral Weapon       Hex/Chrm       #.......     58%         3    ####...


Dungeon Overview and Level Annotations

Branches:
Dungeon (4/15)
 Temple: D:4-7

Altars:

Annotations:
D:4 Menkaure


Message History

You swing at nothing.
You swing at nothing.
You swing at nothing.
You swing at nothing.
You swing at nothing.
You swing at nothing.
You swing at nothing.
You swing at nothing.
You feel a little less mighty now.
a - a +0 spear (weapon)
Things that are here:
a giant club; an ogre skeleton You hear the slow rusting of a very distant drain.
You hear the slow hiss of a distant avalanche of sand.
Unknown command.
The phantom blinks!
You see here a robe.
MP restored: 9 Menkaure, Prince of Dust comes into view.
Menkaure shouts!
Menkaure moves out of view.
Menkaure calls on the powers of darkness!
Your body is wracked with pain!
* * * LOW HITPOINT WARNING * * *
You take 13 damage, and have 15/44 hp.
MASSIVE DAMAGE!!
The phantom blinks!
The phantom blinks!
You see here a quarterstaff.
The phantom blinks!
You hear the slow rusting of a very distant drain.
You hear the slow hiss of a distant avalanche of sand.
You see here a robe.
The phantom blinks!
The phantom blinks!
An ogre comes into view. It is wielding a giant club.
The ogre shouts!
A scorpion comes into view.
A hound skeleton comes into view.
There is a stone staircase leading up, spattered with blood here.
You see here a giant club.
Read which item? (? for menu, Esc to quit)
As you read the scroll labeled IDIBBA ACSUZ, it crumbles to dust.
The scroll dissolves into smoke.
It was a scroll of fog.
The ogre barely misses you.
Read which item? (? for menu, Esc to quit)
As you read the scroll labeled MAESAD OHA, it crumbles to dust.
You feel strangely unstable.
It was a scroll of teleportation.
Unknown command.
Your surroundings suddenly seem different.
An iguana comes into view.
Unknown command.
Unknown command.
You begin infusing your attacks with magical energy.
You hear the rusting of a distant drain.
You hear the hiss of a distant avalanche of sand.
You now have 8/9 mp.
Unknown command.
Unknown command.
Your skin crawls.
You are feeling very hungry.
Your skin is crawling a little less now.
You now have 5/9 mp.
Unknown command.
Unknown command.
Attack whom?
Aim: an iguana You reach to attack!
You hit the iguana.
Attack whom?
Aim: an iguana (lightly wounded)
You reach to attack!
You closely miss the iguana.
Attack whom?
Aim: an iguana (lightly wounded)
You barely miss the iguana. The iguana bites you!
* * * LOW HITPOINT WARNING * * *
Attack whom?
Aim: an iguana (lightly wounded)
You closely miss the iguana.
You take 12 damage, and have 15/44 hp.
MASSIVE DAMAGE!!
Attack whom?
Aim: an iguana (lightly wounded)
You hit the iguana. The iguana closely misses you.
You now have 4/9 mp.
Attack whom?
Aim: an iguana (lightly wounded)
You hit the iguana. The iguana closely misses you.
Attack whom?
Aim: an iguana (moderately wounded)
You hit the iguana.
You now have 3/9 mp.
You barely miss the iguana. The iguana bites you!
* * * LOW HITPOINT WARNING * * *
You take 7 damage, and have 10/44 hp.
You hit the iguana but do no damage. You hit the iguana.
Your skin stops crawling.
The iguana bites you!
You die...

## .... #. ...
### #. ..#
..(#. ..# .
#.#. ..# ...
####$..#..#....
............[..
#@l......
##.#....≈ ...
#.. .#..#
$#.... .. ....
.# ... .# #.#


You could see an iguana.

Vanquished Creatures
  2 ogres (D:4)
  A giant frog skeleton (D:4)
  3 adders (D:2)
  2 bats
  2 goblins
  4 hobgoblins
  2 quokkas
  2 giant cockroaches
  2 giant newts
  3 jackals (D:3)
  A jackal skeleton (D:4)
  3 kobolds
  A rat (D:2)
28 creatures vanquished.

Vanquished Creatures (others)
  4 toadstools (D:1)
4 creatures vanquished.

Grand Total: 32 creatures vanquished

Notes
Turn   | Place    | Note
--------------------------------------------------------------
     0 | D:1      | bart the Merfolk Skald began the quest for the Orb.
     0 | D:1      | Reached XP level 1. HP: 16/16 MP: 3/3
   164 | D:1      | Reached skill level 4 in Polearms
   164 | D:1      | Reached XP level 2. HP: 22/22 MP: 3/5
   370 | D:2      | HP: 5/22 [adder (3)]
   373 | D:2      | Reached skill level 5 in Polearms
   373 | D:2      | Reached XP level 3. HP: 4/27 MP: 0/6
   403 | D:2      | Learned a level 3 spell: Regeneration
   574 | D:4      | Noticed an ogre
   584 | D:4      | HP: 3/27 [ogre/giant club (23)]
   587 | D:4      | Killed an ogre
   587 | D:4      | Reached skill level 7 in Polearms
   587 | D:4      | Reached XP level 4. HP: 3/33 MP: 0/7
   587 | D:4      | Reached XP level 5. HP: 3/38 MP: 0/8
   616 | D:4      | Noticed a phantom
   662 | D:4      | Learned a level 3 spell: Spectral Weapon
   689 | D:4      | Noticed an ogre
   695 | D:4      | HP: 9/38 [giant frog skeleton (1)]
   696 | D:4      | Reached skill level 8 in Polearms
   700 | D:4      | HP: 1/38 [ogre/giant club (9)]
   703 | D:4      | Killed an ogre
   703 | D:4      | Reached skill level 9 in Polearms
   703 | D:4      | Reached XP level 6. HP: 1/44 MP: 9/9
   787 | D:4      | Noticed Menkaure
   838 | D:4      | Noticed an ogre
   840 | D:4      | Noticed a scorpion
   866 | D:4      | HP: 10/44 [iguana (8)]
   868 | D:4      | Slain by an iguana

Vault maps used:
D:1:      ldierk_walled_garden_2
D:2:      first_bread
D:3:      overflow_temple_1_default
D:4:      minmay_temple_entry_butterflies, enter_ossuary_2, serial_shops,
          nicolae_shop_waterfront, gup_sewer_entry_bowl, hex_medium,
          kennysheep_path_1, uniq_menkaure, uniq_sigmund

Action                   |  1- 3 |  4- 6 || total
-------------------------+-------+-------++-------
Melee: Spear             |    77 |    23 ||   100
 Fire: Hunting sling     |     3 |       ||     3
 Cast: Infusion          |     7 |     2 ||     9
       Regeneration      |       |     3 ||     3
  Use: Potion            |     2 |     1 ||     3
       Scroll            |       |     2 ||     2

Vault maps used:
D:1:      ldierk_walled_garden_2
D:2:      first_bread
D:3:      overflow_temple_1_default
D:4:      minmay_temple_entry_butterflies, enter_ossuary_2, serial_shops,
          nicolae_shop_waterfront, gup_sewer_entry_bowl, hex_medium,
          kennysheep_path_1, uniq_menkaure, uniq_sigmund

Table legend:
 A = Turns spent in this place as a percentage of turns spent in the entire game.
 B = Non-inter-level travel turns spent in this place as a percentage of non-inter-level travel turns spent in the entire game.
 C = Inter-level travel turns spent in this place as a percentage of turns spent in this place.
 D = Turns resting spent in this place as a percentage of non-inter-level travel turns spent in this place.
 E = Turns spent auto-exploring this place as a percentage of non-inter-level travel turns spent in this place.
 F = Non-inter-level travel turns spent in this place divided by the number of levels of this place that you've seen.
                   A       B       C       D       E      F
               +-------+-------+-------+-------+-------+----------------------
         Total | 100.0 | 100.0 |   0.0 |   0.5 |   0.0 | 191.0
       Dungeon | 100.0 | 100.0 |   0.0 |   0.5 |   0.0 | 191.0
               +-------+-------+-------+-------+-------+----------------------

Table legend:
 A = Kills in this place as a percentage of kills in entire the game.
 B = Kills by you in this place as a percentage of kills by you in the entire game.
 C = Kills by friends in this place as a percentage of kills by friends in the entire game.
 D = Other kills in this place as a percentage of other kills in the entire game.
 E = Experience gained in this place as a percentage of experience gained in the entire game.
 F = Experience gained in this place divided by the number of levels of this place that you have seen.
                   A       B       C       D       E      F
               +-------+-------+-------+-------+-------+----------------------
         Total | 100.0 | 100.0 |  -nan |  -nan | 100.0 |  91.2
       Dungeon | 100.0 | 100.0 |  -nan |  -nan | 100.0 |  91.2
               +-------+-------+-------+-------+-------+----------------------
